 Dungeon Crawl Stone Soup version 0.31.0-11-ge490571c62 (webtiles) character file.

Game seed: 9341937136744549211

60 qw the Shooter (level 3, -3/18 HPs)
             Began as a Spriggan Hunter on Feb 4, 2024.
             Frozen to death by an endoplasm (4 damage)
             ... on level 2 of the Dungeon.
             The game lasted 00:00:04 (1356 turns).

qw the Shooter (Spriggan Hunter)                    Turns: 1356, Time: 00:00:04

Health: -3/18      AC:  2    Str:  7    XL:     3   Next: 80%
Magic:  4/4        EV: 19    Int: 10    God:
Gold:   63         SH:  0    Dex: 20    Spells: 2/2 levels left

rFire   . . .        a - +0 shortbow
rCold   . . .        (shield currently unavailable)
rNeg    . . .        c - +0 robe
rPois   .            (helmet restricted)
rElec   .            (no cloak)
rCorr   .            (gloves unavailable)
SInv    +            (boots unavailable)
Will    .....        (no amulet)
Stlth   ++           (no ring)
HPRegen 0.23/turn    (no ring)
MPRegen 0.09/turn

%: no passive effects
@: very quick
A: very small, no large weapons, unfitting armour, see invisible, speed 3
a: no special abilities


You were on level 2 of the Dungeon.
You visited 1 branch of the dungeon, and saw 2 of its levels.

You collected 63 gold pieces.


Innate Abilities, Weirdness & Mutations

You are very small and have problems with some larger weapons.
You are too small for most types of armour.
You have supernaturally acute eyesight. (SInv)
You cover ground extremely quickly. (Speed+++)


   Skills:
 - Level 1.5 Fighting
 + Level 4.9 Ranged Weapons
 - Level 4.1 Dodging
 - Level 1.5 Stealth


You had 2 spell levels left.
You didn't know any spells.
Your spell library was empty.

Inventory:

Hand Weapons
 a - a +0 shortbow (weapon)
Armour
 c - a +0 robe (worn)
Scrolls
 d - a scroll of enchant weapon {unknown}
 f - a scroll of brand weapon {unknown}
 h - a scroll of revelation {unknown}
Potions
 b - a potion of curing {unknown}
 e - a potion of haste {unknown}
 g - a potion of mutation {unknown}

Dungeon Overview and Level Annotations

Branches:
Dungeon (2/15)

Altars:

Annotations:
D:2 Terence


Message History

An endoplasm comes into view.
You shoot an arrow. The endoplasm quivers.
The arrow hits Terence but does no damage.
You shoot an arrow. The arrow hits Terence.
Terence is lightly wounded.
You shoot an arrow. The arrow hits Terence.
Terence is moderately wounded.
You shoot an arrow. The arrow hits Terence.
Terence is heavily wounded.
Terence closely misses you.
You shoot an arrow.
The arrow hits Terence but does no damage.
Terence is heavily wounded.
Terence barely misses you.
You shoot an arrow. The arrow completely misses Terence.
Terence barely misses you.
You shoot an arrow. The arrow hits Terence.
Terence is almost dead.
The endoplasm freezes you.
You are frozen.
Terence hits you with a +0 short sword.
You shoot an arrow. The arrow completely misses Terence.
The endoplasm freezes you.
You are frozen.
Terence misses you. x2; The endoplasm closely misses you.
You shoot an arrow. The arrow barely misses Terence.
Terence hits you with a +0 short sword. The endoplasm freezes you.
You are frozen.
You shoot an arrow. The arrow hits Terence.
Terence is almost dead.
The endoplasm barely misses you. Terence completely misses you.
You shoot an arrow. The arrow barely misses Terence.
The endoplasm misses you. Terence completely misses you.
You shoot an arrow.
The arrow hits Terence but does no damage.
Terence is almost dead.
Terence completely misses you. The endoplasm freezes you.
You are frozen.
You die...

#########.. ..[..... #..........
........ #.......... ### ........
#.......... #.. ........
#.......... #.# ........
##.=........### #.# ..).....
#....@.........###.# ........
#...@J.............# ........
#................#.# .#######
#...........##..##.## .#
#............##.#%..# .##
#.............)#[##.. ..##
#.............##..##. ...###
#.............#......
##...########....########...##.##
...#........#..............###.##


You could see Terence and an endoplasm.

Vanquished Creatures
  2 adders (D:2)
  A dart slug (D:1)
  2 ribbon worms (D:2)
  An orc (D:2)
  4 endoplasms
  A giant cockroach (D:2)
  5 goblins
  A hobgoblin (D:1)
  4 jackals (D:2)
  A kobold (D:2)
  A quokka (D:1)
  3 ball pythons (D:1)
  4 bats
  2 frilled lizards
  2 rats
34 creatures vanquished.

Notes
Turn   | Place    | Note
-------+----------+-------------------------------------------
     0 | D:1      | qw the Spriggan Hunter began the quest for the Orb.
     0 | D:1      | Reached XP level 1. HP: 10/10 MP: 2/2
     0 | D:1      | 0 ||| qw: Version: 0.3-a-160-g6735b56
     0 | D:1      | 0 ||| qw: Game counter: 5330
     0 | D:1      | 0 ||| qw: Melee chars always use a shield: true
     0 | D:1      | 0 ||| qw: God list: Okawaru
     0 | D:1      | 0 ||| qw: Allow faded altars: false
     0 | D:1      | 0 ||| qw: Do Orc after clearing Dungeon:15 true
     0 | D:1      | 0 ||| qw: Do second Lair branch before Depths: true
     0 | D:1      | 0 ||| qw: Lair rune preference: random
     0 | D:1      | 0 ||| qw: Goals: Normal
     0 | D:1      | 0 ||| PLANNING D:1-11
    12 | D:1      | Reached skill level 3 in Dodging
   309 | D:1      | Reached XP level 2. HP: 14/14 MP: 3/3
   898 | D:1      | 898 ||| READING scroll labelled ZUACUTSYRAO.
   898 | D:1      | 898 ||| IDENTIFYING glowing orange potion
   899 | D:1      | 899 ||| READING scroll labelled GEXAPL RIKUB.
  1000 | D:1      | 1000 ||| DROPPING scroll of butterflies.
  1001 | D:1      | 1001 ||| DROPPING potion of degeneration.
  1117 | D:2      | Reached XP level 3. HP: 14/18 MP: 4/4
  1342 | D:2      | Noticed Terence
  1353 | D:2      | HP: 2/18 [Terence/+0 short sword (6)]
  1356 | D:2      | Frozen to death by an endoplasm

Levels and vault maps discovered:
D:1:      matt_arrival_debris, layout_basic
D:2:      layout_basic, minmay_tetromino_s4, uniq_terence

Skill      XL: |  1  2 |
---------------+-------+-----
Dodging        | 3 4 |  4.1
Fighting       | |  1.5
Ranged Weapons | |  4.9
Stealth        | |  1.5

Action                     || total
---------------------------++-------
   Fire: Shortbow          ||   114
    Use: Scroll            ||     2
 Armour: Robe              ||    13
  Dodge: Dodged            ||    52

Table legend:
 A = Non-vault XP
 B = Vault XP
 C = Vault XP percentage of total XP
 D = Non-vault monster count
 E = Vault monster count
 F = Vault count percentage of total count
                 A         B        C        D         E       F
            +---------+---------+-------+---------+---------+-------
      Total |      81 |       5 |   5.8 |      32 |       2 |   5.9
            +---------+---------+-------+---------+---------+-------
        D:1 |      23 |       0 |   0.0 |      14 |       0 |   0.0
        D:2 |      58 |       5 |   7.9 |      18 |       2 |  10.0
            +---------+---------+-------+---------+---------+-------
